General information
- name: 1v1 OBS TM #4
- type: Custom game
- host: ActionJackson2
- saver: TIMG4STRok
map: TwistedMeadows
- players: 12
- length: 06:21
- speed: Fast
- version: 1.21 W3XP
- replay type:

» download(27 KB)
Players
team 1 (winner)

»
TIMG4STRok (
blue | 155 APM | 988 actions | 06:21)
2 Archmage
1 Summon Water Elemental
1 Brilliance Aura
» actions
| Assign group hotkey | 12 | |
| Basic commands | 10 | |
| Build / train | 25 | |
| ESC pressed | 2 | |
| Enter build submenu | 12 | |
| Enter hero's abilities submenu | 2 | |
| Right click | 480 | |
| Select / deselect | 108 | |
| Select group hotkey | 309 | |
| Use ability | 28 | |
988 total
» units
» buildings
| Altar of Kings | 1 | |
| Barracks | 1 | |
| Farm | 3 | |
| Lumber Mill | 1 | |
| Scout Tower | 6 | |
| Guard Tower | 3 | |
| Arcane Tower | 1 | |
16 total
» build order
00:05 Altar of Kings
00:09 Barracks
00:17 Farm
01:00 Farm
01:56 Farm
02:12 Lumber Mill
02:58 Scout Tower
02:59 Scout Tower
03:00 Scout Tower
03:26 Guard Tower
03:58 Guard Tower
04:14 Arcane Tower
05:02 Scout Tower
05:50 Guard Tower
05:51 Scout Tower
05:53 Scout Tower
team 2 (loser)
K-Game.Phoenix. (
pink | 133 APM | 843 actions | 06:20)
2 Warden
1 Shadow Strike
1 Fan of Knives
» actions
| Assign group hotkey | 16 | |
| Basic commands | 4 | |
| Build / train | 29 | |
| ESC pressed | 5 | |
| Enter build submenu | 14 | |
| Enter hero's abilities submenu | 2 | |
| Right click | 405 | |
| Select / deselect | 166 | |
| Select group hotkey | 140 | |
| Use ability | 62 | |
843 total
» units
» buildings
| Altar of Elders | 1 | |
| Moon Well | 6 | |
| Ancient of War | 4 | |
| Hunter's Hall | 1 | |
12 total
» build order
00:10 Altar of Elders
00:19 Moon Well
00:40 Ancient of War
01:57 Moon Well
02:26 Ancient of War
02:28 Moon Well
03:06 Ancient of War
03:17 Moon Well
03:55 Moon Well
04:35 Ancient of War
05:00 Moon Well
05:23 Hunter's Hall
observersActionJackson2,
Pate_Chinois,
Fortune.Cookiez,
MDCodeRed,
studysession,
imnotaabeast1,
valenfrog,
pomi44,
Pho-King,
powmoman Chat log
(00:23 / All) K-Game.Phoenix.: gl gg
(00:24 / All) K-Game.Phoenix.: race?
(00:26 / All) TIMG4STRok: gl hf
(00:27 / All) TIMG4STRok: random
(00:33 / All) K-Game.Phoenix.: oh ok
(00:35 / All) K-Game.Phoenix.: didnt see
(00:37 / All) K-Game.Phoenix.: nigger....
(00:40 / All) TIMG4STRok: manner
(00:43 / All) K-Game.Phoenix.: you
(01:09 / All) K-Game.Phoenix.: .
(05:19 / All) K-Game.Phoenix.: i knew i shouldnt have uprooted :/
(05:22 / All) TIMG4STRok: :x
(05:31 / All) K-Game.Phoenix.: omg
(05:44 / All) TIMG4STRok: close
(06:16 / All) K-Game.Phoenix.: ugh
(06:19 / All) K-Game.Phoenix.: g